 Dungeon Crawl Stone Soup version bcrawl-1.17.3 (webtiles) character file.

Game seed: 6547514579651974426

49 Morbidden the Ducker (level 3, 0/29 HPs)
             Began as a Djinni Archaeologist on Oct 31, 2019.
             Succumbed to an adder's poison
             ... on level 2 of the Dungeon.
             The game lasted 00:02:58 (1583 turns).

Morbidden the Ducker (Djinni Archaeologist)         Turns: 1583, Time: 00:02:58

Health: 0/29       AC:  7    Str: 14    XL:     3   Next: 53%
Magic:  3/3        EV: 10    Int: 16    God:
Gold:   108        SH:  0    Dex:  9    Spells: 2/2 levels left

rFire    + + .     SeeInvis .   n - +0 long sword
rCold    + . .     Gourm    .   (no shield)
rNeg     . . .     Faith    .   a - +0 scale mail
rPois    +         Spirit   .   c - +1 hat
rElec    +         Reflect  .   (no cloak)
rCorr    +         Harm     .   (no gloves)
MR       .....     Rnd*Rage +   (boots unavailable)
Stlth    +.........             (no amulet)
HPRegen  0.09/turn              d - ring of protection from fire
MPRegen  0.08/turn              (no ring)

@: lethally poisoned (0 -> -3), resistant, flying, studying Armour
A: never pass out, berserk 2, blurry vision 2, wild magic 1, MP-powered wands,
floating
a: no special abilities


You were on level 2 of the Dungeon.
You were hungry.

You visited 1 branch of the dungeon, and saw 2 of its levels.

You collected 108 gold pieces.

Inventory:

Hand Weapons
 n - a +0 long sword (weapon)
Armour
 a - a +0 scale mail (worn)
 c - a +1 hat (worn)
Jewellery
 d - a ring of protection from fire (left hand)
Scrolls
 h - a scroll of amnesia {unknown}
 j - 2 scrolls of fog {unknown}
 k - a scroll of remove curse {unknown}
 l - 2 scrolls of teleportation {unknown}
Books
 e - a manual of Armour
Miscellaneous
 f - an ancient crate
Comestibles
 b - 3 chunks of flesh
 g - 2 rations {!d}


   Skills:
 * Level 1.9 Fighting
 * Level 0.4 Long Blades
   Level 1.0 Maces & Flails
 * Level 0.7 Armour
 + Level 3.6 Dodging
 + Level 2.9 Stealth


You had 2 spell levels left.
You didn't know any spells.
Your spell library was empty.

Dungeon Overview and Level Annotations

Branches:
Dungeon (2/12)

Altars:
Dithmenos
Trog
The Shining One


Innate Abilities, Weirdness & Mutations

You never pass out after going berserk.
You often lose your temper in combat.
Scrolls take you longer to read.
Your spells are a little harder to cast, but a little more powerful.
You expend magic power (3 MP) to strengthen your wands.
Your body floats in the air.


Message History

You barely miss the adder.
The adder is almost dead.
You feel less wooden.
Your +1 hat unmelds from your body.
Your +0 scale mail unmelds from your body.
The adder closely misses you. The adder bites you but does no damage.
You closely miss the adder.
The adder is almost dead.
You feel sick. The adder closely misses you. The adder barely misses you.
Your scale mail prevents you from hitting the adder.
The adder is almost dead.
The adder bites you.
* * * LOW HITPOINT WARNING * * *
You miss the adder.
The adder is almost dead.
The adder closely misses you. The adder bites you.
* * * LOW HITPOINT WARNING * * *
You miss the adder.
The adder is almost dead.
You die...

#.## .. ._.# ##########...
#.###### #............
.......# #.........#
.#....## #.........# ###..##
#.........# .#..##
######.........#
.#.##########...##g........#
.#.###......'...@Sw........#
.#.##..)....#...##.........#
.#.##.......######.........#
...##......................#
#'###.......##########.###.#
...#####.รท..# .# .#
.#...###....# .#
.......#....# ...........##
..


You could see a worm, an adder and a hobgoblin.

Vanquished Creatures
  2 worms (D:2)
  A dart slug (D:1)
  2 leopard geckos (D:1)
  A giant cockroach (D:2)
  3 goblins
  6 hobgoblins
  4 jackals (D:2)
  5 kobolds
  2 quokkas (D:2)
  4 bats (D:1)
  3 frilled lizards (D:2)
  2 rats (D:2)
35 creatures vanquished.

Notes
Turn   | Place    | Note
-------+----------+-------------------------------------------
     0 | D:1      | Morbidden the Djinni Archaeologist began the quest for the
                  | Orb.
     0 | D:1      | Reached XP level 1. HP: 16/16 MP: 1/1
   459 | D:1      | Reached XP level 2. HP: 23/23 MP: 2/2
  1121 | D:2      | Reached XP level 3. HP: 13/29 MP: 3/3
  1388 | D:2      | Found a shadowy altar of Dithmenos.
  1445 | D:2      | Found a bloodstained altar of Trog.
  1459 | D:2      | Found a glowing golden altar of the Shining One.
  1582 | D:2      | HP: 1/29 [adder (2)]
  1583 | D:2      | Succumbed to an adder's poison

Action                   || total
-------------------------++-------
Melee: Whip              ||   116
       Long sword        ||    52
  Use: Potion            ||     2
  Eat: Chunk             ||     2
Armor: Robe              ||    29
       Scale mail        ||    19
       Skin              ||    17
Dodge: Dodged            ||   124
